 Dungeon Sprint DCSS version 0.23.2-30-g0e89c35649 (webtiles) character file.

Game seed: 3500944635548455545

1631 HASTUR3 the Martial Artist (level 8, -8/58 HPs)
             Began as a Demonspawn Chaos Knight on June 17, 2019.
             Was a Plaything of Xom.
             Mangled by a sun demon (18 damage)
             ... summoned by an orc high priest
             ... in the Dungeon (Sprint III: "The Ten Rune Challenge").
             The game lasted 00:08:20 (915 turns).

HASTUR3 the Martial Artist (Demonspawn Chaos Knight) Turns: 915, Time: 00:08:21

Health: -8/58      AC:  6    Str: 18    XL:     8   Next: 65%
Magic:  0/14       EV: 16    Int: 13    God:    Xom [....*.]
Gold:   14         SH:  0    Dex: 19    Spells: 4/7 levels left

rFire    . . .     SeeInvis .     - Unarmed
rCold    . . .     Gourm    .   (no shield)
rNeg     . . .     Faith    .   a - +2 leather armour
rPois    .         Spirit   +   (no helmet)
rElec    .         Reflect  .   (no cloak)
rCorr    .         Harm     .   (no gloves)
MR       .....     NoTele   +   (no boots)
Stlth    ++........             (no amulet)
HPRegen  0.19/turn              (no ring)
MPRegen  0.28/turn              (no ring)

@: mighty
A: hooves 2, thin skeletal structure 1, agile 1, blink, shaggy fur 1, evolution
1, magic shield, magic regeneration
a: Blink, Renounce Religion


You were in the Dungeon.
You worshipped Xom.
You were a beloved toy of Xom.
You were not hungry.

You visited 1 branch You collected 14 gold pieces.

Inventory:

Armour
 a - a +2 leather armour (worn)
Wands
 e - a wand of acid (6)
 m - a wand of polymorph (10)
Scrolls
 h - a scroll of blinking
 k - a scroll of holy word {unknown}
 l - 7 scrolls of remove curse
 n - a scroll of torment {unknown}
Potions
 c - 3 potions of curing
 d - a potion of heal wounds
 f - 2 potions of magic
 o - a potion of brilliance {unknown}
Miscellaneous
 p - a fan of gales
Comestibles
 b - 4 rations
 g - 4 chunks of flesh


   Skills:
 - Level 3.0 Fighting
 - Level 1.7 Armour
 + Level 6.3 Dodging
 - Level 10.7 Unarmed Combat
 - Level 6.5 Conjurations
 - Level 6.0 Air Magic
 - Level 6.5 Poison Magic
 - Level 8.5 Evocations


You had 4 spell levels left.
You knew the following spells:

 Your Spells              Type           Power        Failure   Level  Hunger
a - Mephitic Cloud        Conj/Pois/Air  ###.....     9%          3    ####...

Your spell library contained the following spells:

 Spells                   Type           Power        Failure   Level  Hunger
 Magic Dart               Conj           ###.         2%          1    ##.....
 Conjure Flame            Conj/Fire      #.......     28%         3    ####...
 Blink                    Tloc           N/A          50%         2    ###....
 Call Imp                 Summ           #.......     50%         2    ###....
 Slow                     Hex            #.......     50%         2    ###....


Dungeon Overview and Level Annotations

Branches:
Dungeon (1/1)

Altars:
Cheibriados
Dithmenos
Elyvilon
Fedhas
Gozag
Hepliaklqana
Kikubaaqudgha
Makhleb
Nemelex Xobeh
Okawaru
Qazlal
Ru
Sif Muna
Trog
Uskayaw
Vehumet
Wu Jian
Xom
Yredelemnul
Zin
The Shining One
Beogh
Jiyva
Lugonu

Shops:
D =


Innate Abilities, Weirdness & Mutations

You have hoof-like feet.
When hurt, damage is shared between your health and your magic reserves.
You regenerate magic rapidly.
You have a somewhat thin skeletal structure. (Dex +2, Stealth)
You are agile. (Dex +2)
You can translocate small distances at will.
You are covered in fur. (AC +1)
You evolve.


Message History

The orc knight is moderately wounded.
The orc knight closely misses you.
You punch the orc knight! You kick the orc knight!
The orc knight is severely wounded.
The orc warrior hits you with a +0 dire flail!!
* * * LOW HITPOINT WARNING * * *
The orange demon stings you from afar.
* * * LOW HITPOINT WARNING * * *
The orc knight roars a battlecry!
Things that are here:
a +0 whip; a +0 leather armour You punch the orc warrior!
You kick the orc warrior.
The orc warrior is severely wounded.
You pummel the sun demon!! Your kick misses the sun demon.
The sun demon is heavily wounded.
You punch the sun demon! Your kick misses the sun demon.
The sun demon is heavily wounded.
The sun demon hits you!!
You die...
Xom titters!

▓▓▓ # ##.############
######
#####..#___#___#__##$#$o.
.#..#..#...#__.#._#o55oo
.#..#..###'#'###)##ooo.
.##'#..#.....)....#5o)
.###...'.⌠......@.#$o
####...#...######3#3#
###....#.⌠.#__#§oo#'#####
##.....#...#__#§..#4)≈≈≈+
#......#)###__#..o#.#≈§§#
.#.....#.).#__#.§.o.#.§§#
###....#___#__'...#.#§§§#
▓▓▓▓▓▓▓▓▓▓▓▓▓▓▓▓▓▓▓▓▓▓▓


You could see a sun demon, an orc warrior and 2 orcs.

Vanquished Creatures
  Snorg (D)
  A deep elf mage (D)
  2 orc warriors (D)
  A water elemental (D)
  A wizard (D)
  An orc wizard (D)
  Jessica (D)
  A necromancer (D)
  2 humans (D)
  A kobold demonologist (D)
  A wolf (D)
  4 orcs (D)
  2 rats (D)
19 creatures vanquished.

Vanquished Creatures (collateral kills)
  A shadow (D)
  A human (D)
  A spatial vortex (D)
  A necrophage (D)
  A jelly (D)
5 creatures vanquished.

Vanquished Creatures (others)
  2 draconian scorchers (D)
  A dancing weapon (D)
  6 hellions (D)
  2 yaktaurs (D)
11 creatures vanquished.

Grand Total: 35 creatures vanquished

Notes
Turn   | Place    | Note
-------+----------+-------------------------------------------
     0 | D        | HASTUR3 the Demonspawn Chaos Knight began the quest for the
                  | Orb.
     0 | D        | Reached XP level 1. HP: 18/18 MP: 1/1
    10 | D        | Reached skill level 1 in Dodging
    24 | D        | Noticed Jessica
    44 | D        | Killed Jessica
    44 | D        | Reached skill level 5 in Dodging
    44 | D        | Gained mutation: When hurt, damage is shared between your
                  | health and your magic reserves. [demonic ancestry]
    44 | D        | Reached XP level 2. HP: 3/24 MP: 2/2
    99 | D        | Killed a hellion
   100 | D        | Killed a hellion
   101 | D        | Killed a hellion
   102 | D        | Killed a hellion
   147 | D        | Killed a white draconian scorcher
   147 | D        | Killed a white draconian scorcher
   159 | D        | Killed a hellion
   221 | D        | Killed a yaktaur
   227 | D        | XOM: harmless Conj miscast
   251 | D        | Reached skill level 3 in Unarmed Combat
   251 | D        | Gained mutation: You have large cloven feet. [demonic
                  | ancestry]
   251 | D        | Reached XP level 3. HP: 18/29 MP: 0/3
   255 | D        | Reached skill level 4 in Unarmed Combat
   257 | D        | Killed a yaktaur
   298 | D        | Gained mutation: You evolve. [potion of mutation]
   298 | D        | Lost mutation: You evolve. [potion of mutation]
   298 | D        | Gained mutation: You have hoof-like feet. [potion of
                  | mutation]
   299 | D        | Lost mutation: You have hoof-like feet. [potion of
                  | mutation]
   299 | D        | Gained mutation: You can translocate small distances at
                  | will. [potion of mutation]
   299 | D        | Gained mutation: You are agile. (Dex +2) [potion of
                  | mutation]
   299 | D        | Gained mutation: You have a somewhat thin skeletal
                  | structure. (Dex +2, Stealth) [potion of mutation]
   323 | D        | Killed a hellion
   459 | D        | Noticed a water elemental
   467 | D        | XOM: summons friendly quasit
   471 | D        | XOM: cleaving
   474 | D        | Xom revived you
   483 | D        | Killed a water elemental
   483 | D        | Reached skill level 7 in Unarmed Combat
   483 | D        | Reached XP level 4. HP: 24/35 MP: 0/4
   489 | D        | XOM: god gift: wand of acid (8)
   493 | D        | Found a glowing silver altar of Zin.
   494 | D        | Found a glowing golden altar of the Shining One.
   494 | D        | Found a white marble altar of Elyvilon.
   494 | D        | Noticed a deep elf mage
   512 | D        | Killed a deep elf mage
   512 | D        | Reached skill level 10 in Unarmed Combat
   512 | D        | Reached XP level 5. HP: 13/41 MP: 0/11
   512 | D        | Gained mutation: You have hoof-like feet. [demonic
                  | ancestry]
   512 | D        | Reached XP level 6. HP: 15/47 MP: 0/12
   512 | D        | Reached XP level 7. HP: 17/52 MP: 0/13
   720 | D        | XOM: give mutations
   720 | D        | Gained mutation: You evolve. [Xom's grace]
   720 | D        | Gained mutation: You are covered in fur. (AC +1) [Xom's
                  | grace]
   725 | D        | Found a radiant altar of Vehumet.
   725 | D        | Found a deep blue altar of Sif Muna.
   725 | D        | Found an ancient bone altar of Kikubaaqudgha.
   739 | D        | Learned a level 3 spell: Mephitic Cloud
   748 | D        | Found a hide-covered altar of Uskayaw.
   748 | D        | Found a roughly hewn altar of Beogh.
   748 | D        | Found an iron altar of Okawaru.
   748 | D        | Found a bloodstained altar of Trog.
   748 | D        | Found an ornate altar of the Wu Jian Council.
   748 | D        | Noticed a human
   749 | D        | Noticed a human
   753 | D        | Killed a human
   760 | D        | Killed a human
   771 | D        | Found a basalt altar of Yredelemnul.
   771 | D        | Found a shadowy altar of Dithmenos.
   771 | D        | Found a sacrificial altar of Ru.
   771 | D        | XOM: butterfly on damage
   792 | D        | Noticed a shadow
   797 | D        | Killed a shadow
   804 | D        | Found a blossoming altar of Fedhas.
   804 | D        | Found a stormy altar of Qazlal.
   804 | D        | Found a snail-covered altar of Cheibriados.
   804 | D        | Found a burning altar of Makhleb.
   804 | D        | Found a shimmering altar of Xom.
   805 | D        | Found a hazy altar of Hepliaklqana.
   805 | D        | Found an opulent altar of Gozag.
   805 | D        | Found a sparkling altar of Nemelex Xobeh.
   805 | D        | Found a corrupted altar of Lugonu.
   805 | D        | Found a viscous altar of Jiyva.
   805 | D        | Noticed a spatial vortex
   816 | D        | Killed a spatial vortex
   816 | D        | Gained mutation: You regenerate magic rapidly. [demonic
                  | ancestry]
   816 | D        | Reached XP level 8. HP: 41/58 MP: 14/14
   830 | D        | Noticed Snorg
   840 | D        | Killed Snorg
   850 | D        | Found Finin's Jewellery Shoppe.
   850 | D        | Noticed an orc high priest
   853 | D        | Noticed an orc sorcerer
   854 | D        | Noticed an orange demon
   856 | D        | Noticed an orc knight
   873 | D        | XOM: confuse monster(s)
   903 | D        | XOM: butterfly on damage
   909 | D        | Noticed an orange demon
   909 | D        | Noticed a sun demon
   915 | D        | Mangled by a sun demon

Skill      XL: |  1  2  3  4  5  6  7  8 |
---------------+-------------------------+-----
Dodging        | 5 6 |  6.3
Unarmed Combat | 3 7 10 | 10.7
Evocations     | 8 |  8.5
Conjurations   | 4 6 |  6.5
Air Magic      | 4 6 |  6.0
Poison Magic   | 4 6 |  6.5
Fighting       | |  3.0
Armour         | |  1.7

Action                   |  1- 3 |  4- 6 |  7- 9 || total
-------------------------+-------+-------+-------++-------
Melee: Unarmed           |    38 |    11 |    29 ||    78
       Kick              |     8 |     4 |     9 ||    21
       Punch             |       |     1 |     1 ||     2
 Cast: Mephitic Cloud    |       |       |     3 ||     3
Evoke: Wand              |       |       |     2 ||     2
  Use: Potion            |     6 |       |     1 ||     7
       Scroll            |       |       |     1 ||     1
Armor: Leather armour    |     8 |     1 |     5 ||    14
Dodge: Dodged            |     8 |       |     9 ||    17
